 Dungeon Crawl Stone Soup version 0.30-b1-2-g02819fbbbe (webtiles) character file.

Game seed: 16746965309332345960

306 raph the Caller (level 6, -2/61 HPs)
             Began as a Merfolk Summoner on Nov 13, 2023.
             Slain by a kobold
             ... wielding a +0 whip
              (5 damage)
             ... in a sewer.
             The game lasted 00:05:03 (2579 turns).

raph the Caller (Merfolk Summoner)                  Turns: 2579, Time: 00:05:04

Health: -2/61      AC:  3    Str:  6    XL:     6   Next: 39%
Magic:  2/9        EV: 15    Int: 17    God:
Gold:   113        SH:  0    Dex: 14    Spells: 0/9 levels left

rFire   . . .        e - +0 spear
rCold   . . .        (no shield)
rNeg    . . .        a - +0 robe
rPois   .            (no helmet)
rElec   .            (no cloak)
rCorr   .            d - +0 pair of gloves
SInv    .            (boots currently unavailable)
Will    .....        (no amulet) Stlth
                     (no ring)
HPRegen 0.30/turn    (no ring)
MPRegen 0.11/turn

%: no passive effects
@: berserking (expiring), lethally poisoned (-2 -> -5), very quick
A: nimble swimmer 2, mertail, weak 1, inability to read after injury 1
a: no special abilities


You were in a sewer.
You visited 1 branch of the dungeon, and saw 3 of its levels.
You also visited: Sewer.

You collected 113 gold pieces.

Inventory:

Hand Weapons
 c - a +0 short sword
 e - a +0 spear (weapon)
Missiles
 l - 4 poisoned darts
 n - a curare-tipped dart
Armour
 a - a +0 robe (worn)
 d - a +0 pair of gloves (worn)
Potions
 b - a potion of magic
 f - a potion of mutation
 h - a potion of brilliance {unknown}
 i - 2 potions of curing {unknown}
 j - a potion of might {unknown}
 k - 2 potions of degeneration {unknown}
 m - a potion of heal wounds {unknown}


   Skills:
 - Level 2.6 Dodging
 - Level 2.1 Stealth
 - Level 2.0 Spellcasting
 + Level 0.9 Hexes
 * Level 7.4 Summonings


You couldn't memorise any spells.
You knew the following spells:

 Your Spells              Type           Power      Damage    Failure   Level
a - Summon Small Mammal   Summ           100%       N/A       1%          1
b - Call Imp              Summ           52%        N/A       1%          2
c - Call Canine Familiar  Summ           26%        N/A       2%          3
d - Summon Guardian Gole  Hex/Summ       15%        N/A       11%         3

Your spell library contained the following spells:

 Spells                   Type           Power      Damage    Failure   Level
 Poisonous Vapours        Pois/Air       2%         N/A       28%         2
 Summon Lightning Spire   Summ/Air       14%        N/A       38%         4
 Mephitic Cloud           Conj/Pois/Air  1%         N/A       50%         3
 Freezing Cloud           Conj/Ice/Air   0%         6-21      99%         5
 Orb of Destruction       Conj           0%         9d5       100%        7
 Spellforged Servitor     Conj/Summ      7%         N/A       100%        7


Dungeon Overview and Level Annotations

Branches:
Dungeon (3/15)              Sewer (1/1)

Altars:

Annotations:
D:2 Sigmund


Innate Abilities, Weirdness & Mutations

You are very nimble when in or above water. (Stealth+, EV+, Speed+++)
Your lower body shifts to a powerful aquatic tail in water.
You are weak. (Str -2)
You occasionally lose the ability to read scrolls when taking damage.


Message History

Reach: e) +0 spear
Press: ? - help, Dir - move target, f/p - kobold brigand
Aim: a kobold brigand, wielding a +0 whip and quivering poisoned darts (almost dead, ally target, about 47% to evade your +0 spear)
You could not reach far enough!
* * * LOW HITPOINT WARNING * * *
You feel very sick.
Your cerulean imp closely misses the kobold brigand.
The kobold brigand hits your cerulean imp with a +0 whip.
Your cerulean imp dies!
Your cerulean imp disappears in a puff of smoke!
* * * LOW HITPOINT WARNING * * *
You feel sick.
It was a potion of mutation.
You feel extremely strange.
You occasionally lose the ability to read scrolls when taking damage.
You feel weaker.
* * * LOW HITPOINT WARNING * * *
You feel sick.
It was a potion of berserk rage.
A red film seems to cover your vision as you go berserk!
You feel yourself moving faster!
You feel mighty!
* * * LOW HITPOINT WARNING * * *
You feel sick.
You feel a strong urge to attack something.
The kobold brigand closely misses you.
You closely miss the kobold brigand.
Your tail-slap misses the kobold brigand.
The kobold brigand is almost dead.
* * * LOW HITPOINT WARNING * * *
You feel sick.
You closely miss the kobold brigand. You tail-slap the kobold brigand.
You kill the kobold brigand!
You hear a splash. x2
* * * LOW HITPOINT WARNING * * *
You feel sick.
The kobold throws a stone.
The stone barely misses you.
Things that are here:
a +0 whip; 2 poisoned darts; a kobold corpse You barely miss the kobold.
* * * LOW HITPOINT WARNING * * *
You feel sick. The kobold hits you with a +0 whip.
You die...

##~## ##~## ##..~## ##...##
####~....#####~..~.####..
~~~~.~∩.~≈≈≈≈≈~..~~~~~~~.
###..~..#####.....####~
##.~~### ##~~.## ##≈####.
##≈## #≈###.?.###≈#
#≈##.!∩!K@≈≈# #?###.!.###≈#
##≈####. ##≈## ##~~.###
##.~.##
.####~...~#####~~~~.####..
~~~~~~~~~.~≈≈≈≈≈~.∩..~~~~~.
~~####.~..~#####..~∩~##
##..~## ##...## ##≈## ##~##


You could see a kobold.

Vanquished Creatures
  A kobold brigand (Sewer)
  A river rat (D:3)
  An adder (D:2)
  A worm (D:2)
  A dart slug (D:1)
  An orc (D:3)
  A ball python (D:3)
  An endoplasm (D:1)
  A hobgoblin (D:3)
  2 jackals (D:1)
  3 bats
  A frilled lizard (D:3)
  4 kobolds
  A rat (D:2)
20 creatures vanquished.

Vanquished Creatures (collateral kills)
  A kobold brigand (Sewer)
  A sleepcap (D:3)
  6 adders
  A river rat (D:3)
  A dart slug (D:1)
  4 orcs (D:3)
  4 ball pythons
  2 bats
  An endoplasm (D:1)
  2 giant cockroaches (D:2)
  3 hobgoblins
  A jackal (D:1)
  A quokka (D:3)
  5 kobolds
  8 rats
41 creatures vanquished.

Grand Total: 61 creatures vanquished

Notes
Turn   | Place    | Note
-------+----------+-------------------------------------------
     0 | D:1      | raph the Merfolk Summoner began the quest for the Orb.
     0 | D:1      | Reached XP level 1. HP: 13/13 MP: 3/3
   224 | D:1      | Reached XP level 2. HP: 13/19 MP: 1/5
   252 | D:1      | Learned a level 2 spell: Call Imp
   415 | D:1      | Noticed a great orb of eyes
   443 | D:1      | Found a faded altar of an unknown god.
   445 | D:1      | Noticed a golden eye
   445 | D:1      | Noticed a shining eye
   445 | D:1      | Noticed a shining eye
   774 | D:1      | Reached XP level 3. HP: 24/24 MP: 6/6
   778 | D:1      | Learned a level 3 spell: Call Canine Familiar
   870 | D:1      | Reached skill level 5 in Summonings
  1343 | D:2      | Reached XP level 4. HP: 21/30 MP: 5/7
  1387 | D:2      | Noticed Sigmund
  2168 | D:3      | Reached skill level 6 in Summonings
  2248 | D:3      | Reached XP level 5. HP: 35/35 MP: 4/8
  2292 | D:3      | Found a glowing drain.
  2339 | Sewer    | Entered a sewer
  2347 | Sewer    | Noticed a kobold brigand
  2373 | Sewer    | Killed a kobold brigand
  2374 | Sewer    | Reached skill level 7 in Summonings
  2374 | Sewer    | Reached XP level 6. HP: 28/41 MP: 4/9
  2378 | Sewer    | Learned a level 3 spell: Summon Guardian Golem
  2573 | Sewer    | Gained mutation: You occasionally lose the ability to read
                  | scrolls when taking damage. [potion of mutation]
  2573 | Sewer    | Gained mutation: You are weak. (Str -2) [potion of
                  | mutation]
  2577 | Sewer    | HP: 3/61 [poisoned by a kobold brigand]
  2579 | Sewer    | Slain by a kobold

Illustrated notes

Levels and vault maps discovered:
D:1:      lightli_arrival_chessboard, layout_rooms,
          hellmonk_ecumenical_altar_watching_god, serial_glass, glass_columns_a,
          glass_columns_a, glass_columns_a, glass_columns_a, glass_columns_a,
          glass_columns_b, glass_columns_c, glass_columns_a, glass_columns_b,
          glass_columns_b, minmay_misc_feat_rugged,
          chequers_serial_rivers_small_3
D:2:      layout_loops_ring, uniq_sigmund
D:3:      cheibrodos_thug_alley, layout_basic,
          mainiacjoe_overflow_catch_the_wave, portal_sewer_entry_c
Sewer:    sewer_co_15_rooms

Skill      XL: |  1  2  3  4  5 |
---------------+----------------+-----
Summonings     | 5 6 7 |  7.4
Dodging        | |  2.6
Stealth        | |  2.1
Spellcasting   | |  2.0
Hexes          | |  0.9

Action                     |  1- 3 |  4- 6 || total
---------------------------+-------+-------++-------
  Melee: Unarmed           |    14 |       ||    14
         Short sword       |    14 |       ||    14
         Spear             |    54 |    77 ||   131
         Tailslap          |       |     2 ||     2
   Cast: Summon Small Mamm |    23 |    17 ||    40
         Call Imp          |    10 |     7 ||    17
         Call Canine Famil |     2 |     8 ||    10
         Summon Guardian G |       |     1 ||     1
    Use: Scroll            |     2 |     2 ||     4
         Potion            |       |     2 ||     2
   Stab: Distracted        |     2 |     1 ||     3
         Sleeping          |     3 |       ||     3
 Armour: Robe              |    17 |    21 ||    38
  Dodge: Dodged            |    54 |    33 ||    87
